 Dungeon Crawl Stone Soup version 0.32-a0-361-g289a535e89 (webtiles) character file.

Game seed: 5122720020196202244

107 porpoise the Ducker (level 4, -3/34 HPs)
             Began as a Coglin Gladiator on Feb 18, 2024.
             Slain by an iguana (11 damage)
             ... on level 4 of the Dungeon.
             The game lasted 00:04:43 (1058 turns).

porpoise the Ducker (Coglin Gladiator)              Turns: 1058, Time: 00:04:44

Health: -3/34      AC:  4    Str: 14    XL:     4   Next: 85%
Magic:  4/4        EV: 13    Int:  7    God:
Gold:   42         SH:  0    Dex: 18    Spells: 3/3 levels left

rFire   . . .        n - +0 sling {Aida}
rCold   . . .        b - +0 short sword {Ayize}
rNeg    . . .        f - +0 leather armour
rPois   .            c - +0 helmet
rElec   .            (no cloak)
rCorr   .            (no gloves)
SInv    .            (no boots)
Will    .....        (no amulet)
Stlth   +            (no ring)
HPRegen 0.25/turn    (no ring)
MPRegen 0.09/turn

%: no passive effects
@: revved, stiff-legged, very slow
A: off-hand wielding, slow wielding, warmup strikes, warmup strides
a: no special abilities


You were on level 4 of the Dungeon.
You visited 1 branch of the dungeon, and saw 3 of its levels.

You collected 66 gold pieces.
You spent 24 gold pieces at shops.

Inventory:

Hand Weapons
 a - a +0 rapier {Dagmar}
 b - a +0 short sword (worn) {Ayize}
 l - a +0 sling
 n - a +0 sling (weapon) {Aida}
Missiles
 d - 5 throwing nets
 e - a javelin
Armour
 c - a +0 helmet (worn)
 f - a +0 leather armour (worn)
Scrolls
 g - a scroll of poison {unknown}
 h - a scroll of noise {unknown}
 i - 2 scrolls of teleportation {unknown}
Potions
 j - a potion of brilliance
 k - a potion of lignification {unknown}
 m - a potion of berserk rage {unknown}


   Skills:
 + Level 2.9 Fighting
 + Level 3.3 Short Blades
 + Level 2.6 Throwing
 + Level 3.4 Dodging


You had 3 spell levels left.
You didn't know any spells.
Your spell library contained the following spells:

 Spells                   Type           Power      Damage    Failure   Level
 Shock                    Conj/Air       0%         1d3       52%         1
 Swiftness                Air            0%         N/A       87%         3
 Airstrike                Air            0%         2d(0-16)  99%         4


Dungeon Overview and Level Annotations

Branches:
Dungeon (2/15)

Altars:

Shops:
D:2 ?


Innate Abilities, Weirdness & Mutations

You can wield a second weapon in your off-hand.
It takes a long time for you to wield or remove held weapons.
Your first few attacks do less damage.
Your first movements take longer.


Message History

(? for menu, Esc to cancel) < or
a - a +0 rapier {Dagmar}; > or
b - a +0 short sword {Ayize} You start parting from your weapon.
You continue parting from your +0 rapier {Dagmar}. x4
You whisper farewell to Dagmar.
You finish parting from your +0 rapier {Dagmar}.
You start attuning to your weapon.
You continue attuning to your +0 sling. x3
The iguana hisses angrily.
You continue attuning to your +0 sling.
The ball python hisses angrily.
The iguana closely misses you.
You continue attuning to your +0 sling.
The iguana misses you.
You finish attuning to your +0 sling.
You welcome your +0 sling "Aida" into your grasp.
You shoot a sling bullet.
The sling bullet completely misses the iguana.
The iguana misses you.
You shoot a sling bullet.
The sling bullet hits the iguana but does no damage.
The iguana bites you! The iguana bites you.
You shoot a sling bullet.
The sling bullet hits the iguana but does no damage.
The iguana bites you!
* * * LOW HITPOINT WARNING * * *
You are too injured to fight recklessly!
Unknown command.
You shoot a sling bullet.
The sling bullet hits the iguana but does no damage.
The iguana closely misses you. The iguana barely misses you.
You shoot a sling bullet. The sling bullet hits the iguana.
The iguana is lightly wounded.
The iguana closely misses you.
You shoot a sling bullet. The sling bullet hits the iguana.
The iguana is moderately wounded.
The iguana bites you but does no damage.
You shoot a sling bullet.
The sling bullet barely misses the iguana.
The iguana bites you!
You die...

#....#.#
#############.#.#
####...............#
#.........######.###
#.........# #.#
#.........######.#
####.#####....##.#
#)#####....##.#
#######@##.......##.####
........l#........#.....
........................
#######..........©......
......[#########..
...#..##ßwS/$.ß##.
....#..#S........#.
....#..#w##...##.#.
.....#.[#.##...# .#.


You could see an iguana, a dart slug and a ball python.

Vanquished Creatures
  A hound (D:4)
  A dart slug (D:2)
  2 orcs (D:4)
  3 bats (D:1)
  4 endoplasms (D:1)
  4 goblins
  5 hobgoblins
  9 jackals
  A quokka (D:1)
  A ball python (D:1)
  2 frilled lizards (D:1)
  3 kobolds
  3 rats (D:1)
39 creatures vanquished.

Notes
Turn   | Place    | Note
-------+----------+-------------------------------------------
     0 | D:1      | porpoise the Coglin Gladiator began the quest for the Orb.
     0 | D:1      | Reached XP level 1. HP: 16/16 MP: 1/1
   113 | D:1      | Reached XP level 2. HP: 19/22 MP: 2/2
   429 | D:1      | Reached XP level 3. HP: 28/28 MP: 3/3
   802 | D:2      | Reached XP level 4. HP: 34/34 MP: 4/4
   845 | D:2      | Found Liolabb's Magic Scroll Emporium.
   853 | D:2      | Bought a scroll of identify for 24 gold pieces
   897 | D:2      | You fall into a shaft and drop 2 floors!
  1058 | D:4      | Slain by an iguana

Illustrated notes

Levels and vault maps discovered:
D:1:      tarquinn_simple_flora_water_c, layout_basic
D:2:      layout_loops_ring, serial_shops, shop,
          hangedman_abyss_or_decor_lesser_grid
D:4:      layout_basic, minmay_temple_entry_antechambers, gammafunk_ghost_arena,
          minmay_gold_behind_fungi, hellmonk_no_cap

Skill      XL: |  1  2 |
---------------+-------+-----
Throwing       | 2 |  2.6
Dodging        | 3 |  3.4
Short Blades   | 3 |  3.3
Fighting       | |  2.9

Action                     |  1- 3 |  4- 6 || total
---------------------------+-------+-------++-------
  Melee: Rapier            |    60 |    23 ||    83
         Short sword       |    52 |    24 ||    76
   Fire: Sling             |       |     7 ||     7
    Use: Scroll            |       |     1 ||     1
   Stab: Sleeping          |     1 |       ||     1
 Armour: Leather armour    |    27 |    23 ||    50
  Dodge: Dodged            |    39 |    25 ||    64

Table legend: (Time is in decaauts)
 A = Elapsed time spent in this place.
 B = Non-inter-level travel time spent in this place.
 C = Inter-level travel time spent in this place.
 D = Time resting spent in this place.
 E = Time spent auto-exploring this place.
 F = Levels seen in this place.
 G = Mean time per level.
                   A        B        C        D        E       F      G
               +--------+--------+--------+--------+--------+-----+--------+
         Total |   1114 |   1076 |     38 |     79 |    706 |   3 |  371.3 |
       Dungeon |   1114 |   1076 |     38 |     79 |    706 |   3 |  371.3 |
               +--------+--------+--------+--------+--------+-----+--------+

Top non-repeatable levels by time:
     D:1: 809 daAuts
     D:4: 168 daAuts
     D:2: 136 daAuts
